 Dungeon Crawl Stone Soup version 0.24-a0-778-g74da537585 (webtiles) character file.

Game seed: 8718338671239288245, levelgen mode: deterministic

1091 Erk the Ducker (level 8, 17/61 HPs)
             Began as a Demonspawn Gladiator on Oct 7, 2019.
             Was an Initiate of Dithmenos.
             Quit the game on level 6 of the Dungeon on Oct 17, 2019.
             The game lasted 00:26:34 (5359 turns).

Erk the Ducker (Demonspawn Gladiator)               Turns: 5359, Time: 00:26:34

Health: 17/61      AC: 19    Str: 17    XL:     8   Next: 9%
Magic:  8/8        EV: 10    Int:  4    God:    Dithmenos [......]
Gold:   221        SH:  8    Dex: 19    Spells: 7/7 levels left

rFire    . . .     SeeInvis .   l - +2 mace (protect)
rCold    . . .     Gourm    .   E - +0 shield
rNeg     . . .     Faith    .   g - +0 ring mail
rPois    .         Spirit   .   c - +0 helmet
rElec    .         Reflect  .   (no cloak)
rCorr    .         Harm     .   (no gloves)
MR       .....                  A - +2 pair of boots
Stlth    ++........             (no amulet)
HPRegen  0.20/turn              j - -5 ring of intelligence (curse)
MPRegen  0.11/turn              o - +4 ring of dexterity

@: protection aura, drained
A: icy blue scales 2, demonic guardian 1
a: Renounce Religion


You were on level 6 of the Dungeon.
You worshipped Dithmenos.
Dithmenos was noncommittal.
You were near starving.

You visited 1 branch of the dungeon, and saw 6 of its levels.

You collected 270 gold pieces.
You spent 49 gold pieces at shops.

Inventory:

Hand Weapons
 h - a +2 whip of pain
 l - a +2 mace of protection (weapon)
Missiles
 d - 2 throwing nets
 k - 3 boomerangs (quivered)
 s - 9 poisoned darts
 F - 2 curare-tipped darts
Armour
 c - a +0 helmet (worn)
 g - a +0 ring mail (worn)
 v - a +0 pair of boots
 A - a +2 pair of boots (worn)
 E - a +0 shield (worn)
Jewellery
 b - a +5 ring of intelligence
 j - a cursed -5 ring of intelligence (left hand)
 o - a +4 ring of dexterity (right hand)
 z - a cursed +5 ring of intelligence
Wands
 p - a wand of flame (11)
Scrolls
 e - 9 scrolls of identify {unknown}
 i - 3 scrolls of blinking {unknown}
 u - 2 scrolls of immolation {unknown}
 w - 2 scrolls of teleportation {unknown}
 x - a scroll of fog {unknown}
 y - a scroll of enchant weapon {unknown}
 B - a scroll of enchant armour {unknown}
Potions
 a - a potion of might {unknown}
 m - a potion of heal wounds {unknown}
 n - 2 potions of haste {unknown}
 q - 2 potions of invisibility {unknown}
 r - 3 potions of lignification {unknown}
 t - a potion of agility {unknown}
 C - 2 potions of degeneration {unknown}
Comestibles
 f - 11 rations


   Skills:
 + Level 4.6(3.7) Fighting
   Level 3.1(2.3) Long Blades
 + Level 3.1(2.3) Maces & Flails
 + Level 3.9(3.1) Throwing
 + Level 4.8(3.9) Dodging
 + Level 3.8(3.0) Stealth
 + Level 1.3(0.6) Shields


You had 7 spell levels left.
You didn't know any spells.
Your spell library was empty.

Dungeon Overview and Level Annotations

Branches:
Dungeon (6/15)             Temple (0/1) D:6

Altars:
Dithmenos
Nemelex Xobeh
Ru
Trog
Wu Jian

Shops:
D:5 [


Innate Abilities, Weirdness & Mutations

You are mostly covered in icy blue scales. (AC +3)
A weak demonic guardian rushes to your aid.


Message History

Your quasit bites the wight but does no damage.
Your quasit claws the wight but does no damage. x2
You block the wight's attack.
You hit the wight.
The wight is heavily damaged.
Your quasit bites the wight but does no damage.
Your quasit claws the wight.
Your quasit claws the wight but does no damage.
The wight hits you but does no damage. x2
The wight hits your quasit with a +1 falchion.
Your quasit closely misses the wight.
Your quasit claws the wight but does no damage. x2
The wight hits you from afar with a cursed +0 spear.
* * * LOW HITPOINT WARNING * * *
You feel drained. The wight hits you but does no damage.
Save game and exit?
Welcome back, Erk the Demonspawn Gladiator.
Dithmenos says: Spread the eternal night.
Press ? for a list of commands and other information.
Are you sure you want to abandon this character and quit the game? (Confirm with "yes".)

.#### #.###oo##.....(..# ....
#....5...z.......#
#..##....####.#......# .
#..###..............# ..
##.....#####.#...... ..
#.....)## #......# #.
###.####zz# #.##...#
#..##.<.# ##z## #.##.#
#....### #@5###.##.#
.##....##### #.5.##.##.#
#...........#####.......#
##..........#..........##
#..........#...........#
#........##.............##
..........#.⌠8...........#
.................###.###.####
..........>.⌠8.#.#........<.#


You could see 3 wights, a friendly quasit and a friendly ufetubus.

Vanquished Creatures
  A bullfrog (D:3)
  2 howler monkeys
  2 crimson imps
  A hound (D:4)
  3 orc priests (D:3)
  3 orc wizards
  3 iguanas
  3 worker ants (D:5)
  A hound zombie (D:6)
  A hound skeleton (D:4)
  7 gnolls
  7 adders
  An ooze (D:4)
  An adder skeleton (D:5)
  2 worms
  2 dart slugs (D:1)
  2 leopard geckos
  16 orcs
  5 giant cockroaches
  12 goblins
  9 hobgoblins
  6 jackals
  7 kobolds
  A quokka (D:6)
  A ball python (D:1)
  7 bats
  4 frilled lizards
  A giant cockroach zombie (D:5)
  A jackal skeleton (D:5)
  A quokka skeleton (D:4)
  8 rats
121 creatures vanquished.

Vanquished Creatures (collateral kills)
  An ice beast (D:5)
  A sky beast (D:5)
  A wight (D:6)
  2 orc priests (D:6)
  An orc wizard (D:5)
  An orc (D:6)
7 creatures vanquished.

Grand Total: 128 creatures vanquished

Notes
Turn   | Place    | Note
-------+----------+-------------------------------------------
     0 | D:1      | Erk the Demonspawn Gladiator began the quest for the Orb.
     0 | D:1      | Reached XP level 1. HP: 16/16 MP: 1/1
   102 | D:2      | Gained mutation: You are partially covered in icy blue
                  | scales. (AC +2) [demonic ancestry]
   102 | D:2      | Reached XP level 2. HP: 14/22 MP: 2/2
   129 | D:1      | Reached skill level 1 in Stealth
   455 | D:1      | Reached XP level 3. HP: 25/28 MP: 3/3
  1095 | D:2      | Found a sparkling altar of Nemelex Xobeh.
  1448 | D:2      | Reached XP level 4. HP: 34/34 MP: 4/4
  1779 | D:2      | Found a bloodstained altar of Trog.
  2176 | D:3      | Gained mutation: You are mostly covered in icy blue scales.
                  | (AC +3) [demonic ancestry]
  2176 | D:3      | Reached XP level 5. HP: 21/41 MP: 5/5
  2219 | D:3      | Reached skill level 1 in Maces & Flails
  2730 | D:3      | Reached XP level 6. HP: 10/47 MP: 6/6
  3336 | D:3      | Found an ornate altar of the Wu Jian Council.
  3349 | D:3      | Found a sacrificial altar of Ru.
  3597 | D:5      | Entered Level 5 of the Dungeon
  3597 | D:5      | Found Seompes's Armour Shoppe.
  3636 | D:5      | Bought a +0 pair of boots for 49 gold pieces
  4099 | D:4      | Gained mutation: A weak demonic guardian rushes to your
                  | aid. [demonic ancestry]
  4099 | D:4      | Reached XP level 7. HP: 46/53 MP: 7/7
  4919 | D:5      | Found a shadowy altar of Dithmenos.
  4929 | D:5      | Became a worshipper of Dithmenos the Shadowed
  4982 | D:5      | Reached skill level 1 in Shields
  5267 | D:6      | Found a staircase to the Ecumenical Temple.
  5297 | D:6      | Reached XP level 8. HP: 61/61 MP: 8/8
  5359 | D:6      | Quit the game

Levels and vault maps discovered:
D:1:      zelgadis_glass_arrival_small, layout_loops_cross, minmay_cupped
D:2:      layout_loops_corners, lightli_temple_of_fire,
          nemelex_xobeh_ov_fountains_minmay
D:3:      layout_basic, minitemple
D:4:      layout_basic
D:5:      layout_gridville, serial_shops,
          nicolae_shop_competitors_out_of_business, first_ration,
          chequers_big_river, grunt_dithmenos_smoke_and_mirrors
D:6:      wander_river, layout_rooms, zin_purify,
          minmay_temple_entry_drinking_statues, serial_shops, kennysheep_mini

Skill      XL: |  1  2  3  4  5  6  7 |
---------------+----------------------+-----
Stealth        | 1 2 3 |  3.8
Dodging        | 3 4 |  4.8
Long Blades    | 3 |  3.1
Throwing       | 2 3 |  3.9
Fighting       | 3 4 |  4.6
Maces & Flails | 1 2 3 |  3.1
Shields        | 1 |  1.3

Action                   |  1- 3 |  4- 6 |  7- 9 || total
-------------------------+-------+-------+-------++-------
Melee: Long sword        |    85 |       |       ||    85
       Mace              |     6 |   126 |    97 ||   229
Throw: Dart              |    38 |    47 |     2 ||    87
       Throwing net      |     2 |       |     3 ||     5
       Boomerang         |       |    55 |    68 ||   123
Evoke: Wand              |       |     1 |       ||     1
 Stab: Sleeping          |     1 |       |     1 ||     2
  Eat: Chunk             |     2 |     8 |     3 ||    13
Armor: Ring mail         |    45 |    65 |    53 ||   163
       Leather armour    |     3 |       |       ||     3
Dodge: Dodged            |    79 |    84 |    56 ||   219
Block: Shield            |       |       |    27 ||    27
       Rpst.: Long sword |    18 |       |       ||    18

Table legend:
 A = Non-vault XP
 B = Vault XP
 C = Vault XP percentage of total XP
 D = Non-vault monster count
 E = Vault monster count
 F = Vault count percentage of total count
                 A         B        C        D         E       F
            +---------+---------+-------+---------+---------+-------
      Total |    1552 |       7 |   0.4 |     125 |       3 |   2.3
            +---------+---------+-------+---------+---------+-------
        D:1 |      52 |       7 |  11.9 |      30 |       3 |   9.1
        D:2 |      61 |       0 |   0.0 |      19 |       0 |   0.0
        D:3 |     438 |       0 |   0.0 |      33 |       0 |   0.0
        D:4 |     194 |       0 |   0.0 |      12 |       0 |   0.0
        D:5 |     649 |       0 |   0.0 |      23 |       0 |   0.0
        D:6 |     158 |       0 |   0.0 |       8 |       0 |   0.0
            +---------+---------+-------+---------+---------+-------
